 Dungeon Crawl Stone Soup version 0.25-a0-737-g26c3a87c45 (webtiles) character file.

Game seed: 1995141669496346091, levelgen mode: deterministic

6010 Maedhros the Covert (level 10, -13/66 HPs)
             Began as an Octopode Artificer on Apr 12, 2020.
             Was a Believer of Cheibriados.
             Mangled by a red ugly thing (23 damage)
             ... on level 11 of the Dungeon.
             The game lasted 00:25:22 (6967 turns).

Maedhros the Covert (Octopode Artificer)            Turns: 6967, Time: 00:25:26

Health: -13/66     AC:  7    Str: 16    XL:     10   Next: 86%
Magic:  14/14      EV: 18    Int: 20    God:    Cheibriados [**....]
Gold:   647        SH:  0    Dex: 26    Spells: 9/9 levels left

rFire    . . .     SeeInvis +   A - +3 flail (protect)
rCold    x . .     Gourm    .   (no shield)
rNeg     . . .     Faith    .   (helmet restricted)
rPois    .         Spirit   .   (no amulet)
rElec    +         Reflect  .   m - +6 ring of protection
rCorr    .         Harm     .   r - ring of stealth
MR       .....                  j - ring of Wishful Thinking {rElec rC- Dex+7 SInv}
Stlth    +++++++...             (no ring)
HPRegen  0.21/turn              (no ring)
MPRegen  0.14/turn              (no ring)
                                (no ring)
                                (no ring)

@: very slow
A: almost no armour, stealthy swim, amphibious, 8 rings, constrict 8, tentacle
spike 1, camouflage 1, clever 1, gelatinous body 1
a: Bend Time, Renounce Religion


You were on level 11 of the Dungeon.
You worshipped Cheibriados.
Cheibriados was pleased with you.
You were very hungry.

You visited 2 branches of the dungeon, and saw 12 of its levels.

You collected 647 gold pieces.

Inventory:

Hand Weapons
 A - a +3 flail of protection (weapon)
Missiles
 o - 65 poisoned darts (quivered)
Armour
 p - a +0 buckler
Magical Staves
 w - an uncursed staff of death
Jewellery
 d - an uncursed amulet of rage {unknown}
 j - the ring of Wishful Thinking (on tentacle) {rElec rC- Dex+7 SInv}
   (You found it on level 7 of the Dungeon)

   [ring of see invisible]

   It affects your dexterity (+7).
   It makes you vulnerable to cold.
   It insulates you from electricity.
   It lets you see invisible.
 m - a +6 ring of protection (left tentacle)
 r - a ring of stealth (right tentacle)
Wands
 a - a wand of polymorph (8)
 b - a wand of flame (8)
 h - a wand of paralysis (2)
 z - a wand of acid (10)
 F - a wand of disintegration (6)
Scrolls
 e - 2 scrolls of blinking
 g - a scroll of fog
 s - a scroll of teleportation
 u - 2 scrolls of magic mapping
 v - 2 scrolls of enchant armour
 x - a scroll of fear
 B - a scroll of amnesia
Potions
 i - 2 potions of ambrosia
 k - 5 potions of flight
 n - a potion of mutation
 q - 2 potions of cancellation
 t - a potion of might {unknown}
 D - a potion of stabbing {unknown}
 E - a potion of brilliance {unknown}
Miscellaneous
 l - a box of beasts
Comestibles
 f - 21 rations


   Skills:
 - Level 5.4 Fighting
   Level 1.0 Short Blades
 * Level 3.7 Maces & Flails
 - Level 5.6 Dodging
 - Level 11.1 Stealth
 * Level 9.8 Unarmed Combat
 - Level 6.1 Evocations


You had 9 spell levels left.
You didn't know any spells.
Your spell library was empty.

Dungeon Overview and Level Annotations

Branches:
Dungeon (11/15)            Temple (1/1) D:6            Lair (0/6) D:9
    Orc (0/2) D:10

Altars:
Ashenzari
Cheibriados
Dithmenos
Elyvilon
Gozag
Hepliaklqana
Kikubaaqudgha
Makhleb
Nemelex Xobeh
Okawaru
Qazlal
Ru
Sif Muna
Trog
Uskayaw
Vehumet
Wu Jian
Xom
Yredelemnul
Zin
The Shining One

Shops:
D:10 (


Innate Abilities, Weirdness & Mutations

You cannot wear most types of armour.
You are very stealthy in the water. (Stealth+)
You are amphibious.
You can wear up to eight rings at the same time.
You can use your tentacles to constrict eight enemies at once.
Your skin changes colour to match your surroundings (Stealth+).
Your rubbery body absorbs attacks. (AC +1, EV +1)
One of your tentacles bears a spike.
Your mind is acute. (Int +2)


Message History

Aim: a centaur, quivering 12 arrows (heavily wounded, chance to defeat MR: 64%)
The centaur struggles to resist.
The centaur hits you but does no damage.
The centaur wields a +0 shortbow.
The centaur shoots an arrow.
The arrow hits you. The centaur misses you. The centaur closely misses you.
The centaur unwields a +0 shortbow.
The centaur misses you.
It was a potion of magic.
Magic courses through your body. The centaur misses you.
The centaur closely misses you. The centaur hits you.
Evoke which item? (* to show all) (? for menu, Esc to quit)
Aiming: Paralyse
Press: ? - help, Shift-Dir - straight line, f - centaur
Aim: a centaur, quivering 12 arrows (heavily wounded, chance to defeat MR: 64%)
The red ugly thing resists with some effort.
The centaur closely misses you. The centaur completely misses you.
The centaur hits you.
* * * LOW HITPOINT WARNING * * *
The red ugly thing tentacle-slaps you.
* * * LOW HITPOINT WARNING * * *
You are engulfed in flames!!
You die...

#............####
#............#
#...######...#
#..(# ...# #...#
...# #...# ...#
#...# .# #.(.#
#.c@# ##cu# #cc#
#..# #..# #...
#..) #.... #....


You could see a red ugly thing and 4 centaurs.

Vanquished Creatures
  A cyclops (D:11)
  3 trolls
  A wraith (D:11)
  2 wyverns (D:10)
  3 steam dragons (D:6)
  A naga (D:9)
  4 ice beasts
  A phantom (D:6)
  2 sky beasts
  An eye of draining (D:11)
  Purgy (D:3)
  7 ogres
  2 centaurs
  4 bullfrogs
  A scorpion (D:7)
  7 killer bees (D:7)
  A howler monkey (D:6)
  3 wights (D:11)
  2 crimson imps (D:8)
  A quasit (D:9)
  2 centaur zombies
  A bullfrog zombie (D:5)
  4 hounds
  6 orc wizards
  3 orc priests
  A jelly (D:11)
  2 bullfrog skeletons
  Crazy Yiuf (D:3)
  Ijyb (D:3)
  Terence (D:3)
  2 iguanas
  5 worker ants
  A hound zombie (D:6)
  11 gnolls
  9 adders
  4 shadow imps
  3 worms
  A dart slug (D:1)
  6 leopard geckos
  25 orcs
  2 ball pythons (D:4)
  5 bats
  7 giant cockroaches
  4 goblins
  6 hobgoblins
  6 jackals
  A ball python skeleton (D:4)
  A frilled lizard (D:3)
  A giant cockroach zombie (D:5)
  8 kobolds
  A leopard gecko skeleton (D:6)
  A quokka skeleton (D:7)
  A quokka zombie (D:7)
  13 rats
194 creatures vanquished.

Vanquished Creatures (collateral kills)
  2 phantoms (D:6)
  An ogre (D:5)
  2 bullfrogs (D:6)
  A howler monkey (D:5)
  A centaur zombie (D:5)
  4 orc priests (D:5)
  An orc wizard (D:5)
  A hound zombie (D:6)
  An adder (D:7)
  7 orcs
21 creatures vanquished.

Vanquished Creatures (others)
  A bullfrog (D:6)
  An ogre (D:5)
  A killer bee (D:7)
  A howler monkey (D:6)
  6 plants (D:9)
10 creatures vanquished.

Grand Total: 225 creatures vanquished

Notes
Turn   | Place    | Note
-------+----------+-------------------------------------------
     0 | D:1      | Maedhros the Octopode Artificer began the quest for the
                  | Orb.
     0 | D:1      | Reached XP level 1. HP: 13/13 MP: 3/3
    21 | D:1      | Reached skill level 2 in Stealth
    64 | D:1      | Reached XP level 2. HP: 17/18 MP: 4/4
    67 | D:1      | Reached skill level 3 in Stealth
   238 | D:1      | Reached skill level 4 in Stealth
   270 | D:1      | Reached XP level 3. HP: 10/23 MP: 5/5
  1263 | D:4      | Reached skill level 5 in Stealth
  1263 | D:4      | Reached skill level 1 in Unarmed Combat
  1263 | D:4      | Reached XP level 4. HP: 22/28 MP: 6/6
  1337 | D:4      | Reached XP level 5. HP: 17/33 MP: 7/7
  1397 | D:5      | Entered Level 5 of the Dungeon
  1410 | D:5      | Noticed an ice beast
  1482 | D:5      | Reached skill level 6 in Stealth
  1482 | D:5      | Reached XP level 6. HP: 25/38 MP: 9/9
  1581 | D:5      | Reached skill level 5 in Evocations
  1625 | D:5      | Reached XP level 7. HP: 24/43 MP: 10/10
  1631 | D:5      | Reached skill level 7 in Stealth
  1957 | D:7      | Found a glowing golden altar of the Shining One.
  1971 | D:7      | Reached skill level 8 in Stealth
  1975 | D:7      | Reached XP level 8. HP: 23/48 MP: 12/12
  2055 | D:6      | Found a staircase to the Ecumenical Temple.
  2082 | D:6      | Reached skill level 5 in Unarmed Combat
  2104 | Temple   | Entered the Ecumenical Temple
  2625 | D:6      | Reached skill level 9 in Stealth
  2645 | D:6      | Killed a steam dragon
  2653 | D:6      | Reached XP level 9. HP: 13/56 MP: 13/13
  2950 | D:3      | Found a sacrificial altar of Ru.
  3024 | D:3      | Found a faded altar of an unknown god.
  3065 | D:3      | Noticed Ijyb
  3075 | D:3      | Killed Ijyb
  3095 | D:3      | Noticed Terence
  3115 | D:3      | Killed Terence
  3147 | D:3      | Noticed Purgy
  3156 | D:3      | Killed Purgy
  3243 | D:3      | Found a runed translucent door.
  3244 | D:3      | Noticed Crazy Yiuf
  3252 | D:3      | Killed Crazy Yiuf
  3523 | D:2      | Found a hide-covered altar of Uskayaw.
  4534 | D:5      | Gained mutation: Your mind is acute. (Int +2) [potion of
                  | mutation]
  4534 | D:5      | Gained mutation: One of your tentacles bears a spike.
                  | [potion of mutation]
  4622 | D:6      | Reached skill level 10 in Stealth
  4829 | D:7      | Found a burning altar of Makhleb.
  4831 | D:7      | Found a glowing silver altar of Zin.
  4831 | D:7      | Noticed a blizzard demon
  4831 | D:7      | Noticed an angel
  5209 | D:8      | Found a sparkling altar of Nemelex Xobeh.
  5216 | D:8      | Found a shattered altar of Ashenzari.
  5216 | D:8      | Found an ornate altar of the Wu Jian Council.
  5217 | D:8      | Found a snail-covered altar of Cheibriados.
  5217 | D:8      | Found a white marble altar of Elyvilon.
  5225 | D:8      | Became a worshipper of Cheibriados the Contemplative
  5304 | D:7      | Reached skill level 5 in Dodging
  5304 | D:7      | Reached XP level 10. HP: 51/65 MP: 14/14
  6042 | D:7      | Got a heavily runed granite ring
  6043 | D:7      | Identified the ring of Wishful Thinking {rElec rC- Dex+7
                  | SInv} (You found it on level 7 of the Dungeon)
  6201 | D:8      | Reached skill level 5 in Fighting
  6344 | D:9      | Found a shadowy altar of Dithmenos.
  6434 | D:9      | Found a staircase to the Lair.
  6479 | D:9      | Reached * piety under Cheibriados
  6505 | D:9      | Reached skill level 11 in Stealth
  6556 | D:10     | Entered Level 10 of the Dungeon
  6582 | D:10     | Found a staircase to the Orcish Mines.
  6584 | D:10     | Found Ugrucvuj's Weapon Boutique.
  6648 | D:10     | Reached skill level 1 in Maces & Flails
  6868 | D:11     | Noticed a two-headed ogre
  6874 | D:11     | Noticed a cyclops
  6886 | D:11     | Killed a cyclops
  6941 | D:11     | Noticed a red ugly thing
  6964 | D:11     | Reached ** piety under Cheibriados
  6967 | D:11     | Mangled by a red ugly thing

Levels and vault maps discovered:
D:1:      elethiomel_arrival_infinity_welcomes_careful_drivers,
          layout_loops_ring
D:2:      layout_rooms, nicolae_overflow_crystal_walls, first_ration
D:3:      layout_basic, nicolae_ru_the_path_less_chosen,
          chequers_ecumenical_altar_island, kennysheep_decorative_pillar,
          minmay_misc_feat_room, uniq_purgy, uniq_ijyb, uniq_terence,
          uniq_crazy_yiuf_cottage
D:4:      layout_loops_ring
D:5:      layout_cave_pools
D:6:      cheibrodos_steamvent, layout_loops_cross,
          minmay_temple_entry_sparse_star
D:7:      layout_basic, grunt_temple_overflow_order_and_chaos_2,
          lemuel_crystal_altar, grunt_ogre_cave, minmay_statues_item
D:8:      layout_loops_cross, grunt_temple_overflow_open, tgw_xom,
          uniq_gastronok
D:9:      layout_irregular_city, fedhas_altar_decomposition,
          nicolae_dithmenos_shadow_blocks, dpeg_oklobed_lair
D:10:     layout_loops_ring, orc_david_3
D:11:     layout_irregular_city, kennysheep_generic_room_13
Temple:   compressed_dpeg_circular_temple

Skill      XL: |  1  2  3  4  5  6  7  8  9 10 |
---------------+-------------------------------+-----
Stealth        | 2 4 5 6 8 9 10 11 | 11.1
Unarmed Combat | 1 2 3 4 6 8 9 |  9.8
Evocations     | 4 5 6 |  6.1
Fighting       | 3 4 5 |  5.4
Dodging        | 3 5 |  5.6
Maces & Flails | 3 |  3.7
Short Blades   | |  1.0

Action                   |  1- 3 |  4- 6 |  7- 9 | 10-12 || total
-------------------------+-------+-------+-------+-------++-------
Melee: Short sword       |    46 |       |       |       ||    46
       Constrict         |    20 |    15 |    50 |    21 ||   106
       Tentacles         |     8 |    18 |    60 |    27 ||   113
       Spear             |    20 |    54 |   201 |       ||   275
       Punch             |       |       |    15 |     9 ||    24
       Flail             |       |       |   117 |   115 ||   232
       Kick              |       |       |    27 |    55 ||    82
Evoke: Wand              |       |    11 |    32 |    25 ||    68
  Use: Potion            |       |     3 |     6 |     1 ||    10
       Scroll            |       |       |     9 |     8 ||    17
 Stab: Distracted        |     1 |       |       |       ||     1
       Sleeping          |     5 |       |    20 |    15 ||    40
       Paralysed         |       |       |    35 |     6 ||    41
  Eat: Chunk             |     1 |     1 |    12 |     5 ||    19
Armor: Skin              |     6 |    17 |    85 |    46 ||   154
Dodge: Dodged            |    37 |    21 |   207 |   151 ||   416

Table legend:
 A = Non-vault XP
 B = Vault XP
 C = Vault XP percentage of total XP
 D = Non-vault monster count
 E = Vault monster count
 F = Vault count percentage of total count
                 A         B        C        D         E       F
            +---------+---------+-------+---------+---------+-------
      Total |    7671 |     916 |  10.7 |     204 |      11 |   5.1
            +---------+---------+-------+---------+---------+-------
        D:1 |      42 |       0 |   0.0 |      25 |       0 |   0.0
        D:2 |      51 |       0 |   0.0 |      15 |       0 |   0.0
        D:3 |     112 |     227 |  67.0 |      17 |       4 |  19.0
        D:4 |     171 |       0 |   0.0 |      17 |       0 |   0.0
        D:5 |     779 |       0 |   0.0 |      25 |       0 |   0.0
        D:6 |    1477 |     564 |  27.6 |      31 |       3 |   8.8
        D:7 |    1471 |     116 |   7.3 |      38 |       1 |   2.6
        D:8 |     299 |       0 |   0.0 |       4 |       0 |   0.0
        D:9 |     970 |       0 |   0.0 |      12 |       0 |   0.0
       D:10 |     970 |       9 |   0.9 |      10 |       3 |  23.1
       D:11 |    1329 |       0 |   0.0 |      10 |       0 |   0.0
            +---------+---------+-------+---------+---------+-------
